 Dungeon Crawl Stone Soup version 0.28-a0-80-g9707f7362f (webtiles) character file.

Game seed: 9728667821303933543

138 HypermagicGuardian the Cudgeller (level 5, -3/32 HPs)
             Began as a Gargoyle Berserker on Aug 5, 2021.
             Was a Believer of Trog.
             Slain by an orc (4 damage)
             ... on level 3 of the Dungeon.
             The game lasted 00:11:16 (2853 turns).

HypermagicGuardian the Cudgeller (GrBe)             Turns: 2853, Time: 00:11:18

Health: -3/32      AC:  9    Str: 21    XL:     5   Next: 21%
Magic:  5/5        EV: 11    Int:  8    God:    Trog [**....]
Gold:   80         SH:  0    Dex:  9    Spells: 4/4 levels left

rFire   . . .      SeeInvis .   a - +0 mace
rCold   . . .      Faith    .   (no shield)
rNeg    + . .      Spirit   .   f - +0 ring mail
rPois   ∞          Reflect  .   (no helmet)
rElec   +          Harm     .   (no cloak)
rCorr   .          Rampage  .   (no gloves)
Will    .....                   (no boots)
Stlth   ..........              (no amulet)
HPRegen 0.10/turn               (no ring)
MPRegen 0.09/turn               (no ring)

@: on berserk cooldown, slowed, very slow
A: sickness immunity, AC +4, negative energy resistance 1, electricity
resistance, torment resistance 1, petrification resistance
a: Renounce Religion, Berserk, Trog's Hand


You were on level 3 of the Dungeon.
You worshipped Trog.
Trog was pleased with you.
You visited 1 branch of the dungeon, and saw 3 of its levels.

You collected 80 gold pieces.

Inventory:

Hand Weapons
 a - a +0 mace (weapon)
Missiles
 k - 105 stones (quivered)
Armour
 f - a +0 ring mail (worn)
Jewellery
 j - an amulet of the acrobat
Wands
 m - a wand of acid (11)
Scrolls
 d - a scroll of noise {unknown}
 i - 2 scrolls of fog {unknown}
Potions
 c - a potion of degeneration {unknown}
 e - a potion of haste {unknown}
 h - a potion of cancellation {unknown}


   Skills:
 - Level 3.2 Fighting
 + Level 5.7 Maces & Flails
 - Level 2.1 Armour
 - Level 1.5 Dodging


You had 4 spell levels left.
You didn't know any spells.
Your spell library was empty.

Dungeon Overview and Level Annotations

Branches:
Dungeon (3/15)

Altars:
Cheibriados
Nemelex Xobeh


Innate Abilities, Weirdness & Mutations

You are immune to sickness and miasma.
Your stone body is resilient. (AC +4)
You are immune to poison.
You resist negative energy. (rN+)
You are resistant to electric shocks. (rElec)
You are resistant to unholy torment.
You are immune to petrification.


Message History

It was a potion of heal wounds.
You feel much better.
The gnoll shouts!
The gnoll closely misses you. The kobold hits you with a +0 club.
The orc barely misses you. Something hits you. The gnoll barely misses you.
You hit the orc.
The orc is almost dead.
The kobold hits you but does no damage. The orc barely misses you.
Something hits you but does no damage. The kobold closely misses you.
The gnoll hits you but does no damage. The kobold hits you with a +0 club.
The orc hits you with a +0 hand axe. Something hits you but does no damage.
The kobold hits you but does no damage. The gnoll completely misses you.
You closely miss the orc.
The orc is almost dead.
The kobold hits you with a +0 club. The orc hits you but does no damage.
Something hits you. The kobold completely misses you.
The gnoll barely misses you. The kobold closely misses you.
The orc hits you with a +0 hand axe. Something hits you but does no damage.
Unknown command.
As you read the scroll labelled JINYAN JEULU, it crumbles to dust.
You feel aware of your surroundings.
It was a scroll of magic mapping.
The kobold closely misses you.
The gnoll hits you but does no damage. x2
The kobold hits you but does no damage. The orc barely misses you.
Something hits you but does no damage. The kobold hits you but does no damage.
The gnoll hits you from afar with a +0 spear.
* * * LOW HITPOINT WARNING * * *
The gnoll hits you from afar with a +0 spear.
* * * LOW HITPOINT WARNING * * *
As you read the scroll labelled TEONLU QIVA, it crumbles to dust.
Wisps of shadow whirl around you...
It was a scroll of summoning.
The kobold hits you but does no damage. The orc hits you with a +0 hand axe.
* * * LOW HITPOINT WARNING * * *
The orc misses your hobgoblin.
You hear some strange, mumbled words.
A puff of flame appears from out of thin air!
The puff of flame hits you.
* * * LOW HITPOINT WARNING * * *
The kobold misses you. The gnoll barely misses you.
The gnoll hits you but does no damage. The kobold hits you but does no damage.
The orc hits you with a +0 hand axe.
You die...

****************************
≈≈≈≈≈≈≈≈≈≈≈≈≈≈≈≈≈≈≈≈≈≈≈≈≈≈≈******
≈≈≈≈≈≈≈≈≈≈≈≈≈≈≈≈≈≈≈≈≈≈≈≈≈≈≈≈≈≈≈≈≈
≈≈≈≈≈≈≈≈≈≈≈≈≈≈≈≈≈≈≈≈≈≈≈≈≈≈≈≈*****
##################****######*,,,*
...#.......#.....## *#......*,,,*
...#......)'....@{###.......*,,,*
...#########..wKoKg#........**+**
....#..........g)gg#.o......,,,*≈
....†.....)†.......).......o,,,*≈
...)#......).......#........,,,*≈
...#########.......#....g...**'**
.).#,......'......###.......*,,,*
...#,......#.....## *#......*,,,*
''###########################,,,*


You could see 2 gnolls, an orc, 2 kobolds, a friendly worm (summoned) and 2
friendly hobgoblins.

Vanquished Creatures
  A centaur zombie (D:3)
  An adder (D:1)
  2 gnolls (D:3)
  2 worms (D:2)
  2 dart slugs
  4 orcs (D:3)
  2 ball pythons
  A bat (D:1)
  3 endoplasms
  A giant cockroach (D:2)
  4 goblins
  7 hobgoblins
  3 jackals (D:1)
  A quokka (D:2)
  6 frilled lizards
  18 kobolds
  7 rats
65 creatures vanquished.

Notes
Turn   | Place    | Note
-------+----------+-------------------------------------------
     0 | D:1      | HypermagicGuardian the Gargoyle Berserker began the quest
                  | for the Orb.
     0 | D:1      | Reached XP level 1. HP: 14/14 MP: 1/1
   357 | D:1      | Reached XP level 2. HP: 19/19 MP: 2/2
   695 | D:1      | Reached skill level 4 in Maces & Flails
   853 | D:1      | Reached XP level 3. HP: 23/23 MP: 3/3
   909 | D:1      | Found a faded altar of an unknown god.
  1155 | D:2      | Found a snail-covered altar of Cheibriados.
  1757 | D:2      | Reached ** piety under Trog
  1774 | D:2      | Reached XP level 4. HP: 24/28 MP: 4/4
  2325 | D:3      | Reached skill level 5 in Maces & Flails
  2537 | D:3      | Found a sparkling altar of Nemelex Xobeh.
  2786 | D:3      | Reached XP level 5. HP: 31/32 MP: 5/5
  2853 | D:3      | HP: 1/32 [something/puff of flame (4)]
  2853 | D:3      | Slain by an orc

Illustrated notes

Levels and vault maps discovered:
D:1:      amcnicky_arrival_flooded_fountain, layout_loops_cross,
          shapermc_ecumenical_altar_hornbeckon
D:2:      layout_basic, basic_altar, guppyfry_early_lair_pool
D:3:      minmay_goblin_kobold_castle, layout_loops_ring,
          mainiacjoe_overflow_chevrons, kennysheep_generic_room_15

Skill      XL: |  1  2  3  4 |
---------------+-------------+-----
Maces & Flails | 4 5 |  5.7
Fighting       | |  3.2
Armour         | |  2.1
Dodging        | |  1.5

Action                   |  1- 3 |  4- 6 || total
-------------------------+-------+-------++-------
Melee: Mace              |   110 |   119 ||   229
Invok: Berserk           |       |     1 ||     1
  Use: Scroll            |       |     2 ||     2
       Potion            |       |     1 ||     1
Armor: Animal skin       |    24 |       ||    24
       Ring mail         |    18 |    85 ||   103
Dodge: Dodged            |    62 |    98 ||   160

Table legend: (Time is in decaauts)
 A = Elapsed time spent in this place.
 B = Non-inter-level travel time spent in this place.
 C = Inter-level travel time spent in this place.
 D = Time resting spent in this place.
 E = Time spent auto-exploring this place.
 F = Levels seen in this place.
 G = Mean time per level.
                   A        B        C        D        E       F      G
               +--------+--------+--------+--------+--------+-----+--------+
         Total |   2904 |   2904 |      0 |    126 |   2024 |   3 |  968.0 |
       Dungeon |   2904 |   2904 |      0 |    126 |   2024 |   3 |  968.0 |
               +--------+--------+--------+--------+--------+-----+--------+

Top non-repeatable levels by time:
     D:1: 1151 daAuts
     D:3: 894 daAuts
     D:2: 858 daAuts
